Map: Acid Plant LE

Players

Jason - Winner!

  • Race: Terran Terran
  • League: Grandmaster
  • Spawn Location: 5:00

Rob

  • Race: Protoss Protoss
  • League: Grandmaster
  • Spawn Location: 11:00

VOD

Have the link to the VOD?

Description

Time

  • Played on: May 14, 2019, 2:57 p.m.
  • Length: 14:01
Show
View Real Time Build Order
Export as new Build Order

Jason Terran - Winner!

Build Orders: Gas First Reaper Expand 

Get SALT Encoding   

  12  0:00  SCV  
  13  0:13  SCV  
  14  0:17  Supply Depot  
  14  0:25  SCV  
  15  0:29  Refinery  
  15  0:38  SCV  
  16  0:44  Barracks  
  16  0:50  SCV  
  17  1:03  SCV  
  18  1:15  SCV  
  19  1:31  Reaper, Orbital Command  
  20  1:51  Command Center  
  20  1:58  SCV  
  21  2:02  Supply Depot  
  21  2:04  Barracks Tech Lab  
  21  2:11  SCV  
  22  2:17  Barracks  
  22  2:24  Marauder  
  22  2:27  Concussive Shells  
  24  2:31  SCV  
  24  2:41  Barracks  
  24  2:43  SCV  
  25  2:49  Marauder  
  27  2:55  SCV  
  28  3:07  Marine  
  28  3:12  Marauder  
  31  3:20  Stimpack  
  31  3:24  Supply Depot  
  31  3:34  Refinery  
  31  3:45  Marine x2  
  31  3:46  SCV, Marauder  
  36  3:54  Factory  
  36  3:56  Supply Depot  
  36  3:58  SCV  
  37  4:04  Marine x2  
  37  4:05  Orbital Command  
  38  4:17  SCV  
  38  4:23  Marauder  
  41  4:29  SCV, Barracks Reactor, Marine  
  43  4:37  SCV  
  44  4:40  Starport, Factory Reactor  
  44  4:41  SCV  
  45  4:45  Bunker  
  45  4:46  Engineering Bay  
  45  4:49  SCV  
  45  4:51  Marine x2  
  48  4:55  SCV  
  49  5:02  SCV  
  50  5:07  SCV, Marine  
  50  5:08  Marine  
  52  5:14  Terran Infantry Weapons Level 1, SCV  
  52  5:18  Missile Turret  
  52  5:20  Barracks Tech Lab  
  52  5:21  Combat Shield  
  53  5:22  SCV  
  53  5:25  Refinery  
  53  5:26  SCV  
  55  5:30  Marine  
  55  5:34  SCV  
  55  5:35  Marauder, Marine  
  60  5:38  SCV  
  60  5:41  Marine  
  62  5:46  Supply Depot x2  
  62  5:58  Supply Depot  
  62  6:03  Factory Reactor  
  62  6:07  SCV x2, Medivac x2, Marine  
  62  6:09  Supply Depot  
  62  6:11  Marauder  
  71  6:16  Marine  
  71  6:17  Marauder  
  74  6:20  SCV x2  
  74  6:25  Marine, Supply Depot  
  77  6:31  Supply Depot  
  77  6:32  SCV x2, Marine  
  80  6:34  Marine  
  80  6:37  Medivac x2  
  75  6:54  Marine x3  
  69  6:55  Marauder  
  69  6:56  Widow Mine x2  
  69  6:58  SCV  
  78  7:11  Marine  
  78  7:12  Marine x2  
  78  7:15  Barracks  
  80  7:16  Barracks  
  74  7:30  Widow Mine  
  74  7:31  Marine  
  74  7:32  Marauder, Marine  
  74  7:34  SCV  
  81  7:38  Marauder  
  83  7:49  Marine x2  
  84  7:53  Marine  
  84  7:55  Medivac x2  
  84  7:56  SCV  
  86  7:59  Marine  
  86  8:02  Widow Mine  
  86  8:04  Widow Mine  
  91  8:07  Marine  
  91  8:09  Supply Depot  
  91  8:10  Supply Depot  
  91  8:11  Marine  
  93  8:16  Marine  
  85  8:30  Marine x2  
  85  8:32  Marine x3  
  88  8:39  Widow Mine  
  90  8:47  Marine  
  90  8:48  Marine x2  
  92  8:51  Marauder  
  94  8:56  Medivac x2  
  94  9:02  Marine  
  98  9:05  Marine x4  
  102  9:12  Marauder  
  104  9:20  Marine  
  104  9:23  Marine x4  
  107  9:26  Medivac  
  107  9:28  Ghost Academy  
  109  9:32  Terran Infantry Armor Level 1  
  109  9:33  Marine  
  109  9:38  Marine  
  107  9:40  Marine  
  107  9:41  Marine x3  
  107  9:44  SCV  
  107  9:45  SCV  
  113  9:51  Marauder  
  114  9:53  Widow Mine x2  
  114  9:56  Marine  
  114  9:58  Marine  
  116  10:04  Marine  
  116  10:05  Marauder  
  116  10:06  Marine  
  120  10:07  Medivac  
  120  10:13  Marauder, Marine  
  124  10:16  Widow Mine  
  126  10:24  Widow Mine  
  126  10:26  Marauder  
  120  10:33  Marine  
  120  10:34  Marauder  
  120  10:35  Marine x3  
  108  10:38  Liberator x2  
  111  10:48  Marauder  
  111  10:51  Marine  
  111  10:53  Marine x3  
  111  10:55  Widow Mine x2  
  125  11:01  Marine  
  126  11:32  Supply Depot  
  126  11:33  Supply Depot  
  126  11:48  Liberator x2  
  126  11:53  Marine x6  
  134  11:54  Widow Mine  
  137  12:11  Marine x3  
  137  12:12  Marauder  
  142  12:21  Supply Depot x2  
  142  12:24  Marine  
  142  12:27  Marine  
  142  12:29  Marine x3  
  142  12:40  Missile Turret  
  135  12:45  Marine x2  
  135  12:48  Medivac x2  
  107  13:14  Orbital Command  
  98  13:41  Marine  
Show
View Real Time Build Order
Export as new Build Order

Rob Protoss 

Build Orders:  

Get SALT Encoding   

  12  0:00  Probe  
  13  0:12  Probe  
  14  0:17  Pylon  
  14  0:24  Probe  
  15  0:36  Probe  
  16  0:47  Assimilator  
  16  0:48  Pylon  
  16  0:49  Probe  
  17  1:01  Probe  
  18  1:06  Gateway  
  18  1:13  Probe  
  19  1:25  Probe  
  20  1:37  Probe  
  21  1:44  Zealot  
  21  1:49  Probe  
  24  1:54  Cybernetics Core  
  24  2:01  Nexus  
  24  2:02  Zealot  
  24  2:11  Probe  
  26  2:19  Assimilator  
  26  2:23  Probe  
  26  2:25  Stalker  
  26  2:27  Pylon  
  27  2:31  Shield Battery  
  29  2:39  Probe  
  30  2:51  Probe  
  31  2:58  Stalker  
  33  3:16  Warp Gate  
  31  3:20  Probe  
  31  3:25  Gateway  
  31  3:26  Probe  
  31  3:27  Gateway  
  31  3:33  Probe, Shield Battery  
  32  3:35  Stalker  
  32  3:38  Probe  
  33  3:45  Probe  
  33  3:47  Shield Battery  
  34  3:50  Probe  
  35  3:57  Probe  
  35  4:02  Probe  
  37  4:05  Stalker  
  37  4:08  Twilight Council  
  40  4:17  Probe x2  
  40  4:21  Gateway  
  41  4:27  Gateway  
  41  4:29  Gateway  
  41  4:34  Probe x2  
  41  4:36  Blink  
  41  4:46  Probe  
  41  4:49  Probe, Pylon  
  43  5:00  Pylon  
  43  5:03  Pylon  
  43  5:04  Sentry  
  45  5:08  Stalker  
  47  5:15  Phoenix, Gateway  
  47  5:16  Sentry, Gateway  
  47  5:21  Sentry  
  51  5:23  Sentry  
  51  5:27  Pylon  
  53  5:32  Gateway  
  53  5:34  Stalker x2  
  57  5:39  Stalker  
  59  5:45  Stalker  
  59  5:47  Stalker  
  63  5:56  Pylon  
  63  6:00  Zealot x2  
  67  6:04  Pylon  
  67  6:05  Pylon  
  67  6:15  Sentry  
  67  6:16  Zealot x3  
  75  6:21  Stalker  
  77  6:26  Stalker  
  77  6:28  Zealot  
  81  6:36  Stalker  
  69  6:54  Zealot  
  69  6:55  Stalker x2  
  69  6:56  Zealot x4  
  79  7:07  Stalker  
  81  7:08  Pylon  
  69  7:26  Stalker x2  
  67  7:30  Zealot x5  
  67  7:34  Stalker  
  78  7:58  Stalker x3  
  78  7:59  Zealot x4  
  78  8:04  Zealot  
  76  8:27  Probe x2  
  76  8:32  Stalker x3  
  76  8:33  Zealot x4  
  88  8:35  Charge  
  90  8:43  Assimilator  
  88  8:51  Assimilator  
  88  8:52  Forge  
  88  8:57  Zealot x2  
  88  9:04  Zealot x2  
  88  9:07  Zealot  
  92  9:28  Zealot  
  94  9:31  Pylon x2  
  94  9:33  Protoss Ground Armor Level 1  
  94  9:40  Pylon  
  94  9:41  Pylon  
  94  9:49  Zealot x4  
  92  10:07  Zealot x3  
  92  10:14  Zealot x4  
  64  10:36  Zealot x7  
  74  10:56  Sentry x3  
  74  10:57  Zealot x2, Sentry x2  
  88  11:12  Templar Archives  
  88  11:19  Zealot x5  
  98  11:36  Psionic Storm  
  98  11:38  Zealot  
  98  11:39  Zealot  
  102  11:49  High Templar x2  
  102  11:58  Zealot x3  
  90  12:18  High Templar x2  
  92  12:35  Nexus  
  64  13:05  Colossus, Archon  
  50  13:17  High Templar  
  39  13:24  Pylon  
Tags
 
Add a new tag
Caveats
  • Supply blocks, unpowered buildings, or Contaminate may cause inaccurate times.
  • Supply counts are checked every 10 seconds.